 Dungeon Crawl Stone Soup version 0.29-a0-472-ge5599a681e (webtiles) character file.

Game seed: 16795893753077238978

1 Sobieck the Conjurer (level 1, -1/14 HPs)
             Began as a Demigod Conjurer on May 22, 2022.
             Slain by a quokka (4 damage)
             ... on level 1 of the Dungeon.
             The game lasted 00:00:58 (70 turns).

Sobieck the Conjurer (Demigod Conjurer)               Turns: 70, Time: 00:00:59

Health: -1/14      AC:  2    Str:  8    XL:     1   Next: 13%
Magic:  0/5        EV: 12    Int: 20    God:
Gold:   0          SH:  0    Dex: 12    Spells: 2/3 levels left

rFire   . . .      SeeInvis .   (no weapon)
rCold   . . .      Faith    .   (no shield)
rNeg    . . .      Spirit   .   a - +0 robe
rPois   .          Reflect  .   (no helmet)
rElec   .          Harm     .   (no cloak)
rCorr   .          Rampage  .   (no gloves)
Will    .....                   (no boots)
Stlth   ++........              (no amulet)
HPRegen 0.04/turn               (no ring)
MPRegen 0.09/turn               (no ring)

@: no status effects
A: high MP 1, forlorn, divine attributes
a: no special abilities


You were on level 1 of the Dungeon.
You visited 1 branch of the dungeon, and saw 1 of its levels.


Innate Abilities, Weirdness & Mutations

You have an increased reservoir of magic. (+10% MP)
You shall have no god before yourself.
Your divine heritage dramatically boosts your attributes as you level up.


   Skills:
 - Level 1.7 Dodging
 - Level 1.7 Stealth
 + Level 1.8 Spellcasting
 + Level 3.6 Conjurations


You had 2 spell levels left.
You knew the following spells:

 Your Spells              Type           Power      Damage    Failure   Level
a - Magic Dart            Conj           64%        1d6       3%          1

Your spell library contained the following spells:

 Spells                   Type           Power      Damage    Failure   Level
 Searing Ray              Conj           32%        2d5       5%          2
 Dazzling Flash           Conj/Hex       18%        N/A       22%         3
 Fulminant Prism          Conj/Hex       4%         3d6       58%         4
 Iskenderun's Mystic Bla  Conj/Tloc      9%         2d4       58%         4

Inventory:

Armour
 a - a +0 robe (worn)
Potions
 b - a potion of magic

Dungeon Overview and Level Annotations

Branches:
Dungeon (1/15)

......#
####.##
#....# #....#
#....# #.####
#....#####.#
#.....##...#
#........###
##.###....#
#..##..##.#
#@###.###.#
#r# #. #.#
#.# #. #.#
#.###.# #>#
#.....# #..
#......####
## #........#
...........#
##...........


You could see a quokka.


Message History

🤖 Initializing magus.rc ...
Options error: Bad monster_list_colour key: strict_neutral (~/.crawlrc:4811) Bad channel name for runrest: 'pray:' ✅ Successfully initialized magus_sobieck.rc [v0.0.2] Welcome, Sobieck the Demigod Conjurer.
Will you be the one to retrieve the fabled Orb of Zot from the depths?
Press ? for a list of commands and other information.
Found a staircase leading out of the dungeon.
Adjust (i)tems, (s)pells, or (a)bilities?
Okay, then.
Unknown command.
Unknown command.
Found a stone staircase leading down.
Unknown command.
An endoplasm comes into view.
Found a stone staircase leading down.
The endoplasm quivers.
Danger!
The magic dart hits the endoplasm.
A quokka comes into view.
The magic dart hits the endoplasm.
The magic dart hits the quokka.
You can't see any susceptible monsters within range! (Use Z to cast anyway.)
A quokka is nearby!
Danger!
The magic dart hits the quokka.
The magic dart hits the endoplasm.
You hit the endoplasm.
You kill the endoplasm!
The quokka bites you.
You are too injured to fight recklessly!
You are too injured to fight recklessly!
You are too injured to fight recklessly!
Unknown command.
You completely miss the quokka. The quokka bites you.
* * * LOW HITPOINT WARNING * * *
You barely miss the quokka. The quokka closely misses you.
Unknown command.
The quokka misses you. The quokka attacks as you move away!
The quokka bites you.
* * * LOW HITPOINT WARNING * * *
Unknown command.
Casting: Magic Dart (safe; 3% risk of failure)
Confirm with . or Enter, or press ? or * to list all spells.
Aiming: Magic Dart (safe; 3% risk of failure)
Press: ? - help, Shift-Dir - straight line, f - quokka
Aim: a quokka (heavily wounded, 100% to hit)
The magic dart hits the quokka.
The quokka barely misses you.
Unknown command.
You hit the quokka but do no damage. The quokka barely misses you.
The quokka bites you.
You die...

Action                   || total
-------------------------++-------
Melee: Unarmed           ||     4
 Cast: Magic Dart        ||     6
Dodge: Dodged            ||     4

Levels and vault maps discovered:
D:1:      lightli_arrival_statue_moat, layout_rooms,
          ebering_ecumenical_altar_ruins, dk_noncrumbling_4

Notes
Turn   | Place    | Note
-------+----------+-------------------------------------------
     0 | D:1      | Sobieck the Demigod Conjurer began the quest for the Orb.
     0 | D:1      | Reached XP level 1. HP: 14/14 MP: 5/5
    66 | D:1      | HP: 3/14 [quokka (2)]
    70 | D:1      | Slain by a quokka

Vanquished Creatures
  An endoplasm (D:1)
1 creature vanquished.

Table legend:
 A = Non-vault XP
 B = Vault XP
 C = Vault XP percentage of total XP
 D = Non-vault monster count
 E = Vault monster count
 F = Vault count percentage of total count
                 A         B        C        D         E       F
            +---------+---------+-------+---------+---------+-------
      Total |       2 |       0 |   0.0 |       1 |       0 |   0.0
            +---------+---------+-------+---------+---------+-------
        D:1 |       2 |       0 |   0.0 |       1 |       0 |   0.0
            +---------+---------+-------+---------+---------+-------

Illustrated notes

Table legend:
 A = Kills in this place as a percentage of kills in entire the game.
 B = Kills by you in this place as a percentage of kills by you in the entire game.
 C = Kills by friends in this place as a percentage of kills by friends in the entire game.
 D = Other kills in this place as a percentage of other kills in the entire game.
 E = Experience gained in this place as a percentage of experience gained in the entire game.
 F = Experience gained in this place divided by the number of levels of this place that you have seen.
                   A       B       C       D       E      F
               +-------+-------+-------+-------+-------+----------------------
         Total | 100.0 | 100.0 |   N/A |   N/A | 100.0 |   2.0
       Dungeon | 100.0 | 100.0 |   N/A |   N/A | 100.0 |   2.0
               +-------+-------+-------+-------+-------+----------------------

Table legend: (Time is in decaauts)
 A = Elapsed time spent in this place.
 B = Non-inter-level travel time spent in this place.
 C = Inter-level travel time spent in this place.
 D = Time resting spent in this place.
 E = Time spent auto-exploring this place.
 F = Levels seen in this place.
 G = Mean time per level.
                   A        B        C        D        E       F      G
               +--------+--------+--------+--------+--------+-----+--------+
         Total |     70 |     70 |      0 |      0 |     54 |   1 |   70.0 |
       Dungeon |     70 |     70 |      0 |      0 |     54 |   1 |   70.0 |
               +--------+--------+--------+--------+--------+-----+--------+

Top non-repeatable levels by time:
     D:1: 70 daAuts
